AoeStats
← Tr3vorTW

African Clearing

510587386Analyzed
4v4 RM · 19h ago on Oct 1, 2026· 63m 41s· 8 players
Game mode
Random Map
Map size
Large (8 player)
Population
200
Speed
Normal
Resources
Standard
Victory
Conquest
Starting age
Dark Age
Ending age
Imperial Age
RankedLock teamsTeams togetherTeam positionsShared explorationLock speedFull tech treeHidden civsTurbo modeCheats
Victory
Defeat
🇨🇳 Franks · China
982
+15
🇹🇼 Mongols · Taiwan
965
+16
🇨🇳 Spanish · China
950
+17
🇹🇼 Persians · Taiwan
911
+51
🇦🇷 Goths · Argentina
978
-17
🇨🇱 Gurjaras · Chile
963
-17
🇹🇷 Huns · Türkiye
959
-16
🇬🇧 Aztecs · United Kingdom
956
-16
Kifyio
10:02 Loom
17:49 Feudal Age
19:25 Man-at-Arms
19:52 Arson
38:53 Castle Age
36:45 Fishing Lines
38:01 Gold Mining
38:02 Stone Mining
47:07 Double-Bit Axe
49:37 Kamandaran
49:46 Town Watch
49:56 Crossbowman
50:42 Thumb Ring
55:51 Wheelbarrow
56:31 Ballistics
60:08 Imperial Age
58:17 Fletching
58:27 Padded Archer Armor
59:32 Bodkin Arrow
59:54 Leather Archer Armor
62:16 Ring Archer Armor
62:48 Chemistry
Tr3vorTW
12:44 Feudal Age
11:04 Loom
12:50 Feudal Age
16:02 Double-Bit Axe
19:03 Castle Age
18:18 Double-Bit Axe
18:17 Horse Collar
20:20 Bow Saw
20:12 Stone Mining
27:40 Fishing Lines
28:02 Fletching
28:39 Bodkin Arrow
30:18 Gillnets
32:32 Ballistics
33:15 Thumb Ring
33:15 Padded Archer Armor
36:02 Bloodlines
37:59 Wheelbarrow
38:17 Leather Archer Armor
43:16 Imperial Age
41:33 Hand Cart
43:06 Gold Mining
43:59 Stone Shaft Mining
44:39 Murder Holes
44:37 Elite Mangudai
45:21 Bracer
46:29 Conscription
46:32 Drill
45:37 Onager
47:47 Chemistry
48:46 Gold Shaft Mining
50:00 Capped Ram
51:54 Siege Ram
53:54 Siege Onager
58:02 Nomads
严的老爹
7:16 Loom
17:31 Feudal Age
23:49 Castle Age
21:41 Double-Bit Axe
39:58 Town Watch
42:39 Wheelbarrow
43:25 Bow Saw
47:12 Bloodlines
47:03 Husbandry
47:32 Padded Archer Armor
47:23 Fletching
50:09 Imperial Age
49:44 Bodkin Arrow
50:06 Leather Archer Armor
50:20 Town Patrol
50:38 Hand Cart
50:41 Scale Barding Armor
51:55 Capped Ram
52:10 Light Cavalry
53:18 Conscription
52:53 Stone Mining
52:56 Gold Mining
53:49 Elite Conquistador
54:18 Pikeman
54:59 Squires
55:31 Forging
55:24 Halberdier
56:06 Siege Ram
57:56 Scale Mail Armor
57:58 Bracer
60:28 Iron Casting
60:12 Chain Mail Armor
61:44 Hussar
zhuizhui
14:57 Feudal Age
19:39 Castle Age
20:19 Double-Bit Axe
35:29 Bow Saw
36:31 Fletching
36:41 Padded Archer Armor
45:37 Squires
46:12 Husbandry
50:09 Forging
50:04 Scale Barding Armor
50:12 Forging
50:07 Scale Barding Armor
55:25 Iron Casting
55:10 Chain Barding Armor
55:18 Gold Mining
57:50 Wheelbarrow
61:41 Imperial Age
59:52 Hand Cart
60:01 Murder Holes
60:58 Chain Barding Armor
62:02 Loom
61:46 Light Cavalry
61:48 Cavalier
63:29 Conscription
62:29 Elite Throwing Axeman
pdepardo
4:29 Loom
14:39 Feudal Age
15:01 Man-at-Arms
17:20 Double-Bit Axe
25:54 Castle Age
25:28 Forging
26:07 Long Swordsman
37:52 Imperial Age
36:27 Wheelbarrow
37:01 Bow Saw
36:19 Elite Skirmisher
39:05 Gold Mining
43:36 Hand Cart
44:21 Town Watch
46:12 Horse Collar
46:55 Padded Archer Armor
46:45 Fletching
49:32 Town Patrol
50:24 Leather Archer Armor
50:05 Bodkin Arrow
50:11 Heavy Plow
51:13 Heavy Camel Rider
55:36 Chemistry
61:44 Crop Rotation
61:32 Light Cavalry
62:23 Bloodlines
AlcatROX
15:07 Feudal Age
16:25 Wheelbarrow
18:34 Man-at-Arms
20:25 Loom
23:21 Gold Mining
25:26 Arson
30:05 Castle Age
30:56 Bloodlines
30:48 Husbandry
30:16 Light Cavalry
31:32 Double-Bit Axe
34:39 Hand Cart
40:05 Husbandry
44:16 Fletching
44:34 Scale Barding Armor
44:39 Forging
54:10 Imperial Age
54:14 Cavalier
Ochen
14:35 Feudal Age
15:46 Double-Bit Axe
18:25 Castle Age
17:08 Horse Collar
19:54 Loom
arjun
10:03 Loom
13:21 Feudal Age
17:44 Castle Age
17:07 Forging
16:57 Scale Mail Armor
16:59 Gold Mining
17:32 Double-Bit Axe
18:42 Eagle Warrior
21:33 Wheelbarrow
23:29 Stone Mining
27:11 Chain Mail Armor
41:12 Stone Shaft Mining
45:38 Iron Casting
44:57 Horse Collar
48:19 Hand Cart
49:31 Arson
54:21 Imperial Age
51:58 Heavy Plow
54:51 Squires
54:24 Elite Eagle Warrior
55:27 Garland Wars
55:42 Plate Mail Armor
56:13 Blast Furnace
56:37 Town Watch
Connection lost

Rejoining the realm…

Still unreachable

The connection could not be restored.

Session expired

The server has moved on; the page needs a fresh start.